 Dungeon Crawl Stone Soup version 0.21-a0-440-g28109cb (webtiles) character file.

109491 Jorbantar the Ogre Mage (level 16, 160/169 HPs)
             Began as an Ogre Fire Elementalist on Oct 28, 2017.
             Was the Champion of Okawaru.
             Quit the game on level 4 of the Lair of Beasts on Nov 19, 2017.
             The game lasted 03:10:23 (44152 turns).

Jorbantar the Ogre Mage (Ogre Fire Elementalist)   Turns: 44152, Time: 03:10:24

Health: 160/169    AC: 10    Str: 20    XL:     16   Next: 52%
Magic:  34/34      EV: 14    Int: 24    God:    Okawaru [******]
Gold:   651        SH: 12    Dex: 15    Spells: 25/43 levels left

rFire    + . .     SeeInvis +   w - +10 flail of Wamacam {speed, *Noise +Blink rElec rC-}
rCold    + . .     Gourm    .   E - +2 shield of the End {rElec rC+ Int+3}
rNeg     . . .     Faith    .   C - +1 troll leather armour of Sovereignty {Regen+ Str+4}
rPois    .         Spirit   .   P - +4 hat of the Bagpipe {Dex+6}
rElec    +         Reflect  .   e - scarf {rC+ rF+}
rCorr    .         Harm     +   (gloves unavailable)
MR       ++...                  (boots unavailable)
Stlth    +++.......             X - amulet of harm
HPRegen  0.78/turn              A - ring "Jolefog" {MR+ Stlth+}
MPRegen  0.24/turn              Z - ring of see invisible

@: no status effects
A: unfitting armour, tough skin 1
a: Heroism, Finesse, Renounce Religion, Evoke Blink


You were on level 4 of the Lair of Beasts.
You worshipped Okawaru.
Okawaru was exalted by your worship.
You were not hungry.

You visited 6 branches of the dungeon, and saw 26 of its levels.
You also visited: Labyrinth and Bailey.

You collected 3838 gold pieces.
You spent 3187 gold pieces at shops.

Inventory:

Hand Weapons
 w - the +10 flail of Wamacam (weapon) {speed, *Noise +Blink rElec rC-}
   (You bought it in a shop on level 2 of the Orcish Mines)

   Attacks with this weapon are significantly faster.
   It makes you vulnerable to cold.
   It insulates you from electricity.
   It lets you blink.
   It may make noises in combat.
 D - a +3 flail of holy wrath
Armour
 e - a scarf of resistance (worn)
 z - the +1 fire dragon scales "Bafes" {-Tele rElec rF++ rC- Str+2}
   (You bought it in a shop on level 2 of the Orcish Mines)

   It affects your strength (+2).
   It greatly protects you from fire.
   It makes you vulnerable to cold.
   It insulates you from electricity.
   It prevents most forms of teleportation.
 C - the +1 troll leather armour of Sovereignty (worn) {Regen+ Str+4}
   (Okawaru gifted it to you on level 3 of the Lair of Beasts)

   It affects your strength (+4).
   It increases your rate of regeneration.
 E - the +2 shield of the End (worn) {rElec rC+ Int+3}
   (You bought it in a shop on level 2 of the Orcish Mines)

   It affects your intelligence (+3).
   It protects you from cold.
   It insulates you from electricity.
 P - the +4 hat of the Bagpipe (worn) {Dex+6}
   (Okawaru gifted it to you on level 5 of the Lair of Beasts)

   It affects your dexterity (+6).
 Q - a +0 hat of magic resistance
Magical Staves
 u - an uncursed staff of wizardry
 J - an uncursed staff of power
 N - an uncursed staff of death
Jewellery
 A - the ring "Jolefog" (left hand) {MR+ Stlth+}
   (You acquired it on level 6 of the Lair of Beasts)

   [ring of stealth]

   It affects your resistance to hostile enchantments.
   It makes you more stealthy.
 H - the ring "Haexakh" {+Fly EV+4}
   (You found it on level 5 of the Lair of Beasts)

   [ring of evasion]

   It affects your evasion (+4).
   It lets you fly.
 K - the ring "Oryox" {Int-4 Dex+4 Stlth+}
   (You took it off an orc warrior in a bailey)

   [ring of stealth]

   It affects your intelligence (-4).
   It affects your dexterity (+4).
   It makes you more stealthy.
 R - an uncursed ring of resist corrosion
 X - an amulet of harm (around neck)
 Z - a ring of see invisible (right hand)
Scrolls
 k - 3 scrolls of fog
 o - 7 scrolls of teleportation
 B - 7 scrolls of remove curse
 I - a scroll of blinking
 L - 4 scrolls of recharging
 M - 2 scrolls of enchant weapon
 V - 5 scrolls of enchant armour
 W - 2 scrolls of fear
Potions
 g - 4 potions of cancellation
 j - 6 potions of ambrosia
 l - 3 potions of agility
 n - 5 potions of haste
 p - 5 potions of flight
 t - a potion of might {unknown}
 v - 3 potions of brilliance
 x - 7 potions of curing
 F - 3 potions of berserk rage
 G - 2 potions of lignification {unknown}
 S - a potion of invisibility {unknown}
 Y - 2 potions of heal wounds
Books
 a - a book of Spatial Translocations

   Spells                             Type                      Level
   a - Blink                          Translocation                2
   b - Shroud of Golubria             Charms/Translocation         2
   c - Lesser Beckoning               Translocation                3
   d - Gell's Gravitas                Translocation                3
   e - Teleport Other                 Translocation                3
   f - Passage of Golubria            Translocation                4
 b - a book of Flames

   Spells                             Type                      Level
   a - Flame Tongue                   Conjuration/Fire             1
   b - Throw Flame                    Conjuration/Fire             2
   c - Conjure Flame                  Conjuration/Fire             3
   d - Inner Flame                    Hexes/Fire                   3
   e - Sticky Flame                   Conjuration/Fire             4
   f - Fireball                       Conjuration/Fire             5
 m - a book of Misfortune

   Spells                             Type                      Level
   a - Confusing Touch                Hexes                        1
   b - Confuse                        Hexes                        3
   c - Gell's Gravitas                Translocation                3
   d - Petrify                        Transmutation/Earth          4
   e - Metabolic Englaciation         Hexes/Ice                    5
   f - Yara's Violent Unravelling     Hexes/Transmutation          5
 r - a Grand Grimoire

   Spells                             Type                      Level
   a - Monstrous Menagerie            Summoning                    7
   b - Summon Greater Demon           Summoning                    7
   c - Malign Gateway                 Summoning/Translocation      7
   d - Summon Horrible Things         Summoning                    8
 T - a Necronomicon

   Spells                             Type                      Level
   a - Haunt                          Necromancy/Summoning         7
   b - Borgnjor's Revivification      Necromancy                   8
   c - Death's Door                   Charms/Necromancy            8
   d - Infestation                    Necromancy                   8
   e - Necromutation                  Transmutation/Necromancy     8
Miscellaneous
 f - a fan of gales
 q - a lightning rod (4/4)
 s - a sack of spiders
 y - a lamp of fire
 O - a box of beasts
 U - a phantom mirror
Comestibles
 c - 4 bread rations
 d - 12 fruits
 h - 10 royal jellies
 i - 6 meat rations


   Skills:
 * Level 13.0 Fighting
 * Level 8.3 Maces & Flails
 + Level 3.7 Armour
 + Level 7.9 Dodging
 - Level 1.4 Stealth
 + Level 7.5 Shields
 - Level 14.1 Spellcasting
 - Level 11.9 Conjurations
 - Level 12.2 Fire Magic
 + Level 4.9 Invocations


You had 25 spell levels left.
You knew the following spells:

 Your Spells              Type           Power        Failure   Level  Hunger
a - Flame Tongue          Conj/Fire      #####        1%          1    None
b - Throw Flame           Conj/Fire      ######       1%          2    None
c - Conjure Flame         Conj/Fire      ######..     1%          3    None
d - Inner Flame           Hex/Fire       #####...     1%          3    None
e - Sticky Flame          Conj/Fire      ######..     1%          4    None
f - Fireball              Conj/Fire      ######....   1%          5    ###....


Dungeon Overview and Level Annotations

Branches:
Dungeon (15/15)            Temple (1/1) D:6            Lair (6/6) D:9
 Shoals (1/4) Lair:2       Spider (1/4) Lair:4        Slime (0/5) Lair:5
    Orc (2/2) D:12            Elf (0/3) Orc:2        Vaults (0/5) D:13
 Depths (0/5) D:15

Altars:
Ashenzari
Cheibriados
Dithmenos
Elyvilon
Fedhas
Gozag
Hepliaklqana
Kikubaaqudgha
Makhleb
Nemelex Xobeh
Okawaru
Qazlal
Ru
Sif Muna
Trog
Uskayaw
Vehumet
Wu Jian
Xom
Yredelemnul
Zin
The Shining One
Beogh
Jiyva

Shops:
D:4 ?   D:5 [   D:12 [   D:13 %   Orc:1 *   Orc:2 [(*(

Annotations:
D:2 1 runed door


Innate Abilities, Weirdness & Mutations

You are too large for most types of armour.
You have tough skin. (AC +1)


Message History

The jumping spider bites you.
* * * LOW HITPOINT WARNING * * *
You sock the jumping spider!
You kill the jumping spider!
Okawaru accepts your kill.
Your Fighting skill increases to level 13!
You start resting.
Your magical contamination has completely faded away.
You start resting.
Magic restored.
Things that are here:
a jumping spider corpse; a redback corpse; a wolf spider corpse Save game and exit?
Welcome back, Jorbantar the Ogre Fire Elementalist.
Okawaru says: Bring me glory in combat!
Press ? for a list of commands and other information.
Quiver which item? (- for none, * to show all) (? for menu, Esc to quit)
Okay, then.
Okay, then.
Are you sure you want to abandon this character and quit the game? (Confirm with "yes".)

................................#
................................#
.....................###.##..#.#.
.........#.#..#......#####P....P.
....#.................###.....P..
....#.>................<.........
..........P...#.......)..........
..........##.##≈≈≈##.............
.........######.@.####...........
..#.......####†.>..####.#........
..####..P##^#[#...#.###.#........
...##...####.###^###^##..........
....†#..#######.###.#.#...#......
..........##.#.#^###.##..........
..........#.#.#^#.#.###..........
.........###.###.###.##..........
.......).####.#...#.#^#..........


There were no monsters in sight!

Vanquished Creatures
  Rupert (D:14)
  3 orc warlords
  An emperor scorpion (D:15)
  Louise (Shoals:1)
  The ghost of Mathinus the Severer, a journeyman HOFi of Beogh (Orc:2)
  2 dire elephants
  A minotaur (Lab)
  A great orb of eyes (D:15)
  Fannar (Lair:1)
  An ogre mage (D:13)
  A rakshasa (D:15)
  8 hydras
  A catoblepas (Lair:6)
  3 vault guards (D:13)
  3 centaur warriors
  A death knight (D:14)
  5 two-headed ogres
  13 death yaks
  An orc high priest (Orc:2)
  Nergalle (Orc:2)
  An unseen horror (D:10)
  4 sea snakes
  A wizard (D:15)
  Pikel (D:5)
  3 lindwurms (Lair:6)
  2 phantasmal warriors (D:14)
  8 harpies (Shoals:1)
  2 deep elf magi
  An orb spider (Spider:1)
  16 ugly things
  A wolf spider (Lair:4)
  A wolf spider (shapeshifter) (D:13)
  2 orc sorcerers (Orc:2)
  7 orc knights
  3 manticores
  4 oklob plants (Lair:4)
  4 centaur zombies
  11 elephants
  2 merfolk sirens
  2 black mambas
  A guardian serpent (D:9)
  4 torpor snails
  Joseph (D:8)
  9 spiny frogs
  5 gargoyles
  3 rime drakes
  9 komodo dragons
  An efreet (D:15)
  A tengu conjurer (D:13)
  2 freezing wraiths
  A yaktaur (D:13)
  6 jumping spiders
  A merfolk (Shoals:1)
  3 trolls
  4 blink frogs (Lair:6)
  6 dream sheep
  A snapping turtle (Shoals:1)
  13 hippogriffs
  6 slime creatures (D:13)
  6 redbacks
  40 yaks
  A hog (shapeshifter) (D:15)
  5 wyverns
  3 basilisks
  2 hungry ghosts
  Eustachio (D:5)
  3 hogs (D:9)
  6 wargs
  A human (D:9)
  Menkaure (D:5)
  2 soldier ants
  10 water moccasins
  2 acid dragons
  6 porcupines
  5 ice beasts
  31 orc warriors
  2 sky beasts
  A slave (D:4)
  A hornet zombie (D:15)
  4 necrophages (D:7)
  2 black bears
  4 phantoms
  An eye of draining (D:13)
  7 ogres
  10 centaurs
  4 wolves (Lair:6)
  14 crocodiles
  A big kobold (D:12)
  13 bullfrogs
  Blork the orc (D:5)
  A water moccasin zombie (D:9)
  2 wyvern skeletons
  3 scorpions
  20 killer bees
  An electric eel (Lair:2)
  14 wights
  4 crimson imps
  3 howler monkeys
  A bullfrog zombie (D:7)
  5 jellies
  3 bullfrog skeletons
  3 hounds
  20 orc priests
  2 centaur skeletons (D:4)
  6 iguanas
  30 orc wizards
  8 worker ants
  A killer bee zombie (D:10)
  3 hound zombies
  2 worker ant zombies
  Robin (D:3)
  8 gnolls
  14 adders
  A howler monkey skeleton (D:5)
  6 shadow imps
  An adder zombie (D:7)
  An adder skeleton (D:5)
  6 worms
  3 dart slugs
  2 leopard geckos
  98 orcs
  A bat zombie (D:3)
  4 giant cockroaches
  13 hobgoblins
  3 jackals (D:6)
  2 quokkas
  4 bats
  9 frilled lizards
  20 goblins
  24 kobolds
  A leopard gecko skeleton (D:5)
  3 quokka skeletons
  2 rats
  4 rat zombies (D:3)
  11 bushes
  A fungus (Lair:5)
  7 plants
775 creatures vanquished.

Vanquished Creatures (collateral kills)
  A crocodile (Lair:3)
1 creature vanquished.

Vanquished Creatures (others)
  10 bushes
  14 fungi
  13 plants
37 creatures vanquished.

Grand Total: 813 creatures vanquished

Notes
Turn   | Place    | Note
-------+----------+-------------------------------------------
     0 | D:1      | Jorbantar the Ogre Fire Elementalist began the quest for the Orb.
     0 | D:1      | Reached XP level 1. HP: 16/16 MP: 3/3
    11 | D:1      | Reached skill level 1 in Conjurations
   261 | D:1      | Reached XP level 2. HP: 26/26 MP: 1/5
   948 | D:2      | Learned a level 2 spell: Throw Flame
  1286 | D:2      | Reached XP level 3. HP: 32/32 MP: 5/7
  1311 | D:2      | Reached skill level 3 in Spellcasting
  1374 | D:2      | Found a shimmering altar of Xom.
  1402 | D:2      | Reached skill level 1 in Fighting
  1477 | D:2      | Found a glowing silver altar of Zin.
  1477 | D:2      | Found a stormy altar of Qazlal.
  1477 | D:2      | Found a shadowy altar of Dithmenos.
  2348 | D:2      | Learned a level 3 spell: Conjure Flame
  2416 | D:2      | Found a runed door.
  2467 | D:3      | Reached XP level 4. HP: 41/41 MP: 5/8
  2525 | D:3      | Learned a level 3 spell: Inner Flame
  2784 | D:3      | Found a faded altar of an unknown god.
  3283 | D:3      | Reached XP level 5. HP: 43/49 MP: 6/10
  3766 | D:3      | Noticed Robin
  4075 | D:3      | Killed Robin
  4327 | D:3      | Found an ancient bone altar of Kikubaaqudgha.
  4330 | D:3      | Reached skill level 4 in Spellcasting
  4598 | D:4      | Reached XP level 6. HP: 43/59 MP: 0/12
  4916 | D:4      | Found Yshreoxu's Magic Scroll Shoppe.
  5422 | D:4      | Bought a scroll of identify for 24 gold pieces
  5422 | D:4      | Bought a scroll of identify for 24 gold pieces
  5422 | D:4      | Bought a scroll of identify for 24 gold pieces
  5422 | D:4      | Bought a scroll of magic mapping for 42 gold pieces
  5462 | D:4      | Found a glowing golden altar of the Shining One.
  5877 | D:5      | Entered Level 5 of the Dungeon
  5903 | D:5      | Noticed a slave
  5903 | D:5      | Noticed a slave
  5903 | D:5      | Noticed a slave
  5903 | D:5      | Noticed Pikel
  5937 | D:4      | Killed a slave
  6152 | D:4      | Learned a level 4 spell: Sticky Flame
  6235 | D:5      | Noticed Eustachio
  6533 | D:5      | Found a shattered altar of Ashenzari.
  6579 | D:5      | Killed Eustachio
  6579 | D:5      | Reached skill level 5 in Spellcasting
  6579 | D:5      | Reached XP level 7. HP: 65/67 MP: 0/14
  6691 | D:5      | Noticed Blork the orc
  6703 | D:5      | Killed Blork the orc
  7094 | D:5      | Found Zym Qatofocs's Armour Shop.
  7101 | D:5      | Noticed Menkaure
  7106 | D:5      | Killed Menkaure
  7156 | D:5      | Killed Pikel
  7156 | D:5      | Reached skill level 6 in Spellcasting
  7156 | D:5      | Reached skill level 5 in Fire Magic
  7156 | D:5      | Reached XP level 8. HP: 63/79 MP: 0/17
  7159 | D:5      | Reached skill level 5 in Conjurations
  7579 | D:5      | Reached skill level 5 in Fighting
  8103 | D:5      | Reached XP level 9. HP: 88/88 MP: 1/19
  8105 | D:5      | Reached skill level 7 in Spellcasting
  8569 | D:5      | Learned a level 5 spell: Fireball
  9058 | D:6      | Found a staircase to the Ecumenical Temple.
  9067 | Temple   | Entered the Ecumenical Temple
  9124 | Temple   | Became a worshipper of Warmaster Okawaru
 10120 | D:6      | Found an opulent altar of Gozag.
 10513 | D:6      | Found a basalt altar of Yredelemnul.
 10971 | D:6      | Reached * piety under Okawaru
 11499 | D:6      | Reached skill level 8 in Spellcasting
 11683 | D:6      | You fall through a shaft for 3 floors!
 12156 | D:7      | Reached ** piety under Okawaru
 12156 | D:7      | Reached XP level 10. HP: 100/100 MP: 12/22
 12172 | D:7      | Found a radiant altar of Vehumet.
 12809 | D:7      | Found a blossoming altar of Fedhas.
 13152 | D:6      | Reached skill level 1 in Maces & Flails
 13740 | D:7      | Reached skill level 1 in Shields
 13772 | D:7      | Reached skill level 9 in Spellcasting
 13955 | D:8      | Noticed Joseph
 13969 | D:8      | Killed Joseph
 13969 | D:8      | Reached *** piety under Okawaru
 15145 | D:9      | Noticed a guardian serpent
 15152 | D:9      | Killed a guardian serpent
 16095 | D:9      | Reached **** piety under Okawaru
 16095 | D:9      | Reached XP level 11. HP: 110/110 MP: 10/24
 16882 | D:9      | Found a staircase to the Lair.
 17262 | D:10     | Entered Level 10 of the Dungeon
 17358 | D:10     | Found an ornate altar of the Wu Jian Council.
 17473 | D:10     | Reached skill level 10 in Spellcasting
 17650 | D:10     | Found a sacrificial altar of Ru.
 17686 | D:10     | Killed an unseen horror
 17686 | D:10     | Reached ***** piety under Okawaru
 18285 | Lair:1   | Entered Level 1 of the Lair of Beasts
 18456 | Lair:1   | Noticed Fannar
 18461 | Lair:1   | Killed Fannar
 18547 | Lair:1   | Noticed a four-headed hydra
 18553 | Lair:1   | Killed a four-headed hydra
 18818 | Lair:1   | Found a snail-covered altar of Cheibriados.
 19198 | Lair:1   | Reached XP level 12. HP: 122/122 MP: 23/26
 20903 | Lair:2   | Found a staircase to the Shoals.
 20980 | Lair:2   | Found an ancient bone altar of Kikubaaqudgha.
 21279 | Lair:3   | Reached skill level 11 in Spellcasting
 21288 | Lair:3   | Reached ****** piety under Okawaru
 21416 | Lair:3   | Received a gift from Okawaru
 21419 | Lair:3   | Got a pitted troll leather armour {god gift}
 21430 | Lair:3   | Identified the +1 troll leather armour of Sovereignty {Regen+ Str+4} (Okawaru gifted it to you on level 3 of the Lair of Beasts)
 22762 | Lair:4   | Noticed a seven-headed hydra
 22774 | Lair:4   | Killed a seven-headed hydra
 22881 | Lair:4   | Reached skill level 5 in Dodging
 22889 | Lair:4   | Reached skill level 10 in Fire Magic
 23076 | Lair:4   | Reached XP level 13. HP: 111/131 MP: 23/28
 23641 | Lair:4   | Found a hole to the Spider Nest.
 24488 | Lair:5   | Reached skill level 5 in Maces & Flails
 24674 | Lair:5   | Reached skill level 5 in Shields
 24852 | Lair:5   | Reached skill level 10 in Fighting
 24855 | Lair:5   | Reached skill level 12 in Spellcasting
 24855 | Lair:5   | Reached skill level 10 in Conjurations
 25369 | Lair:5   | Received a gift from Okawaru
 25616 | Lair:5   | Got a vibrating bronze ring
 25618 | Lair:5   | Identified the ring "Haexakh" {+Fly EV+4} (You found it on level 5 of the Lair of Beasts)
 25963 | Lair:5   | Found a staircase to the Slime Pits.
 25963 | Lair:5   | Found a viscous altar of Jiyva.
 26402 | Lair:6   | Entered Level 6 of the Lair of Beasts
 26609 | Lair:5   | Received a gift from Okawaru
 26612 | Lair:5   | Got an ancient hat {god gift}
 26618 | Lair:5   | Identified the +4 hat of the Bagpipe {Dex+6} (Okawaru gifted it to you on level 5 of the Lair of Beasts)
 26703 | Lair:6   | Reached XP level 14. HP: 144/144 MP: 10/30
 28015 | Lair:6   | Noticed a dire elephant
 28035 | Lair:6   | Killed a dire elephant
 28364 | Lair:6   | Reached skill level 13 in Spellcasting
 28552 | Lair:6   | Identified a scroll of acquirement
 28557 | Lair:6   | Identified the ring "Jolefog" {MR+ Stlth+} (You acquired it on level 6 of the Lair of Beasts)
 28772 | Lair:6   | Received a gift from Okawaru
 29569 | D:11     | Found a sparkling altar of Nemelex Xobeh.
 29592 | D:11     | Found a labyrinth entrance.
 29599 | Lab      | Entered a labyrinth
 33398 | D:12     | Reached skill level 1 in Invocations
 33450 | D:12     | Found a staircase to the Orcish Mines.
 33454 | D:12     | Found Exosed's Armour Boutique.
 33512 | D:12     | Found a flagged portal.
 33520 | Bailey   | Entered a bailey
 33679 | Bailey   | Got a warped marble ring
 33955 | Bailey   | Identified the ring "Oryox" {Int-4 Dex+4 Stlth+} (You took it off an orc warrior in a bailey)
 34356 | D:12     | Reached skill level 1 in Armour
 34827 | Orc:1    | Entered Level 1 of the Orcish Mines
 34843 | Orc:1    | Found a roughly hewn altar of Beogh.
 34862 | Orc:1    | Found Qepnaoj's Assorted Antiques.
 34880 | Orc:1    | Noticed an orc warlord
 34936 | D:12     | Killed an orc warlord
 34936 | D:12     | Reached XP level 15. HP: 109/154 MP: 20/32
 35487 | Orc:1    | Found a roughly hewn altar of Beogh.
 35663 | Orc:2    | Entered Level 2 of the Orcish Mines
 35841 | Orc:2    | Noticed Mathinus's ghost (journeyman HOFi)
 35860 | Orc:2    | Killed Mathinus's ghost
 36092 | Orc:2    | Noticed Nergalle
 36095 | Orc:2    | Killed Nergalle
 36750 | Orc:2    | Noticed an orc warlord
 36763 | Orc:2    | Killed an orc warlord
 36829 | Orc:2    | Found a roughly hewn altar of Beogh.
 36842 | Orc:2    | Received a gift from Okawaru
 37109 | Orc:2    | Found Viap's Book Shop.
 37115 | Orc:2    | Found Oloan's Antique Armour Shop.
 37130 | Orc:2    | Found Rohoh's Antique Weapon Shop.
 37175 | Orc:2    | Found Memit's General Store.
 37282 | Orc:2    | Bought a translucent shield for 275 gold pieces
 37289 | Orc:2    | Identified the +2 shield of the End {rElec rC+ Int+3} (You bought it in a shop on level 2 of the Orcish Mines)
 37308 | Orc:2    | Bought a jewelled flail for 161 gold pieces
 37310 | Orc:2    | Identified the +10 flail of Wamacam {speed, *Noise +Blink rElec rC-} (You bought it in a shop on level 2 of the Orcish Mines)
 37333 | Orc:2    | Found a staircase to the Elven Halls.
 37420 | Orc:2    | Noticed an orc warlord
 37473 | Orc:2    | Killed an orc warlord
 37610 | Orc:2    | Found a roughly hewn altar of Beogh.
 37737 | Orc:2    | Found Busu's Weapon Shoppe.
 38171 | Orc:1    | Bought 3 scrolls of teleportation for 234 gold pieces
 39694 | D:13     | Received a gift from Okawaru
 39699 | D:13     | Found a gate to the Vaults.
 39847 | D:13     | Found Qegux Ysitt's Food Shoppe.
 39855 | D:13     | Bought a bread ration for 70 gold pieces
 39855 | D:13     | Bought 3 fruits for 63 gold pieces
 39855 | D:13     | Bought a royal jelly for 28 gold pieces
 39855 | D:13     | Bought a royal jelly for 28 gold pieces
 39855 | D:13     | Bought 3 fruits for 63 gold pieces
 39855 | D:13     | Bought a royal jelly for 28 gold pieces
 39855 | D:13     | Bought a meat ration for 70 gold pieces
 39855 | D:13     | Bought a royal jelly for 28 gold pieces
 39855 | D:13     | Bought a meat ration for 70 gold pieces
 39855 | D:13     | Bought a bread ration for 70 gold pieces
 40606 | D:14     | Received a gift from Okawaru
 40606 | D:14     | Reached skill level 14 in Spellcasting
 41254 | D:15     | Entered Level 15 of the Dungeon
 41427 | D:15     | Noticed Rupert
 41691 | D:14     | Reached XP level 16. HP: 129/165 MP: 34/34
 41810 | D:14     | Killed Rupert
 41911 | D:15     | Found a staircase to the Depths.
 42193 | D:15     | Identified the +4 great sword of Expedience {slice, rC+ SInv Stlth+} (You found it on level 15 of the Dungeon)
 43128 | Orc:2    | Bought translucent fire dragon scales for 1885 gold pieces
 43139 | Orc:2    | Identified the cursed +1 fire dragon scales "Bafes" {-Tele rElec rF++ rC- Str+2} (You bought it in a shop on level 2 of the Orcish Mines)
 43329 | Shoals:1 | Entered Level 1 of the Shoals
 43329 | Shoals:1 | Noticed Louise
 43350 | Shoals:1 | Killed Louise
 43907 | Lair:2   | Upgraded the game from 0.21-a0-404-g291f19a to 0.21-a0-440-g28109cb
 43980 | Spider:1 | Entered Level 1 of the Spider Nest
 43996 | Lair:4   | Received a gift from Okawaru
 44152 | Lair:4   | Quit the game

Vault maps used:
D:1:      roderic_octagonal_star, minmay_misc_feat_secret_circle
D:2:      gammafunk_temple_overflow_forgotten, first_bread, xom_teletrap_fun,
          uniq_crazy_yiuf_cottage
D:3:      lemuel_zombie_altar_kikubaaqudgha, chequers_ecumenical_altar_lobes,
          uniq_robin
D:4:      tso_oasis_becter, serial_shops, nicolae_shop_waterfront
D:5:      kennysheep_little_box, kennysheep_windowed_goal, uniq_blork_the_orc,
          uniq_menkaure, uniq_eustachio, uniq_pikel
D:6:      yredelemnul_altar_generic, lemuel_crystal_altar,
          minmay_temple_entry_grid, kennysheep_generic_room_16
D:7:      fedhas_altar_decomposition, vehumet_altar_wand_db,
          minmay_misc_feat_tiny, glass_columns_a
D:8:      uniq_joseph
D:9:      grunt_lair_entry_orc_guard_hut, grunt_livestock,
          nrook_guardian_serpent_double
D:10:     basic_altar, hangedman_ru_absence
D:11:     lab_entry_generic, nemelex_diamond_rough_becter
D:12:     orc_david_3, enter_bailey_2
D:13:     grunt_vaults_entry_fortified, serial_shops, nicolae_shop_stone
D:14:     serial_park_square2, corner_web_ring, minmay_misc_feat_doors
D:15:     hangedman_depths_entry_try_elsewhere_first, uniq_rupert
Temple:   minmay_temple_bridge_abc
Lair:1:   kennysheep_snail_temple, uniq_fannar
Lair:2:   elwin_shoals_entry_rooms, basic_altar
Lair:3:   portal_ice_cave_entry_pillars_2, minivault_11
Lair:4:   nicolae_spider_entry_tight_spaces, minmay_lair_oklob_chamber,
          lemuel_fruit_tree
Lair:5:   slime_altar_1, grunt_megastairs_2
Lair:6:   hangedman_lair_in_review, minivault_19, st_stairs_6,
          infiniplex_staircase_pool_2
Shoals:1: uniq_louise
Spider:1: spider_trap
Orc:1:    serial_shops, nicolae_shop_trees, basic_altar, mines1_david
Orc:2:    grunt_orc_cross, serial_shops, nicolae_shop_statue_plus, basic_altar
Bailey:   bailey_axe_1, bailey

Skill      XL: |  1  2  3  4  5  6  7  8  9 10 11 12 13 14 15 16 |
---------------+-------------------------------------------------+-----
Conjurations   | 1 2 3 4 5 6 7 8 9 10 11 | 11.9
Fire Magic     | 3 4 5 6 7 8 9 10 11 12 | 12.2
Spellcasting   | 3 4 5 6 8 9 10 11 12 13 14 | 14.1
Fighting       | 1 2 3 4 5 6 7 8 9 10 11 12 13 | 13.0
Dodging        | 3 4 5 6 7 |  7.9
Maces & Flails | 2 3 4 5 6 7 8 |  8.3
Shields        | 2 3 4 5 6 7 |  7.5
Invocations    | 1 3 4 |  4.9
Armour         | 1 2 3 |  3.7
Stealth        | |  1.4

Action                   |  1- 3 |  4- 6 |  7- 9 | 10-12 | 13-15 | 16-18 || total
-------------------------+-------+-------+-------+-------+-------+-------++-------
Melee: Unarmed           |     2 |       |       |       |       |       ||     2
       Spear             |       |     2 |       |       |       |       ||     2
       Flail             |       |   107 |    52 |    73 |    25 |    94 ||   351
       Whip              |       |       |    49 |       |       |       ||    49
       Staff             |       |       |       |    31 |   247 |       ||   278
Throw: Stone             |     4 |       |     6 |     2 |       |       ||    12
 Cast: Flame Tongue      |    83 |    90 |    50 |   142 |    60 |       ||   425
       Throw Flame       |     1 |    22 |    42 |   120 |   108 |    10 ||   303
       Conjure Flame     |       |     5 |     7 |    28 |    51 |     6 ||    97
       Inner Flame       |       |     4 |     8 |     7 |    11 |       ||    30
       Sticky Flame      |       |     1 |    15 |    51 |   149 |    27 ||   243
       Fireball          |       |       |    19 |    87 |   301 |    31 ||   438
Invok: Heroism           |       |       |       |       |     1 |       ||     1
Evoke: Wand              |       |    11 |     6 |    18 |     3 |       ||    38
       Lamp of fire      |       |       |       |       |     1 |       ||     1
  Use: Scroll            |       |     9 |     6 |    18 |    18 |     3 ||    54
       Potion            |       |     1 |     1 |     2 |     1 |     6 ||    11
 Stab: Confused          |       |     1 |       |       |       |       ||     1
       Sleeping          |       |       |       |       |       |     1 ||     1
  Eat: Chunk             |     5 |     7 |    15 |    24 |    39 |     1 ||    91
       Bread ration      |       |     3 |       |     5 |     5 |     1 ||    14
       Fruit             |       |       |     5 |       |     3 |       ||     8
       Royal jelly       |       |       |       |     3 |     6 |     2 ||    11
       Meat ration       |       |       |       |       |     4 |       ||     4
Armor: Robe              |    12 |    54 |    40 |    26 |       |       ||   132
       Troll leather arm |       |       |       |    21 |   117 |    27 ||   165
Dodge: Dodged            |    17 |   130 |    88 |   115 |   388 |    82 ||   820
Block: Shield            |       |       |       |       |    93 |    94 ||   187

Table legend:
 A = Spawn XP
 B = Non-spawn XP
 C = Spawn XP percentage of total XP
 D = Spawn monster count
 E = Non-spawn monster count
 F = Spawn count percentage of total count
 G = Total turns spent on level
                    A         B        C        D         E        F      G
               +---------+---------+-------+---------+---------+-------+---------
         Total |       0 |  156416 |   0.0 |       0 |     756 |   0.0 | 44152
               +---------+---------+-------+---------+---------+-------+---------
           D:1 |       0 |      22 |   0.0 |       0 |      12 |   0.0 |   989
           D:2 |       0 |      87 |   0.0 |       0 |      23 |   0.0 |  2038
           D:3 |       0 |     142 |   0.0 |       0 |      36 |   0.0 |  1441
           D:4 |       0 |     292 |   0.0 |       0 |      15 |   0.0 |  1867
           D:5 |       0 |    1905 |   0.0 |       0 |      33 |   0.0 |  2728
           D:6 |       0 |    1594 |   0.0 |       0 |      37 |   0.0 |  2742
           D:7 |       0 |    1992 |   0.0 |       0 |      38 |   0.0 |  1296
           D:8 |       0 |    1153 |   0.0 |       0 |      15 |   0.0 |  1562
           D:9 |       0 |    4256 |   0.0 |       0 |      38 |   0.0 |  2238
          D:10 |       0 |    3079 |   0.0 |       0 |      32 |   0.0 |  1001
          D:11 |       0 |    3303 |   0.0 |       0 |      18 |   0.0 |   685
          D:12 |       0 |    6726 |   0.0 |       0 |      52 |   0.0 |  1336
          D:13 |       0 |   12765 |   0.0 |       0 |      42 |   0.0 |  1728
          D:14 |       0 |   12209 |   0.0 |       0 |      31 |   0.0 |  1966
          D:15 |       0 |   16951 |   0.0 |       0 |      31 |   0.0 |  1176
        Temple |       0 |       3 |   0.0 |       0 |       1 |   0.0 |   480
        Lair:1 |       0 |    3968 |   0.0 |       0 |       8 |   0.0 |  1258
        Lair:2 |       0 |    5252 |   0.0 |       0 |      19 |   0.0 |  2230
        Lair:3 |       0 |    3895 |   0.0 |       0 |      20 |   0.0 |  1327
        Lair:4 |       0 |   10356 |   0.0 |       0 |      31 |   0.0 |  2804
        Lair:5 |       0 |   15596 |   0.0 |       0 |      36 |   0.0 |  1544
        Lair:6 |       0 |   23746 |   0.0 |       0 |      59 |   0.0 |  2703
      Shoals:1 |       0 |   10311 |   0.0 |       0 |      16 |   0.0 |   184
      Spider:1 |       0 |    1124 |   0.0 |       0 |       3 |   0.0 |     9
         Orc:1 |       0 |    1505 |   0.0 |       0 |      22 |   0.0 |  1443
         Orc:2 |       0 |   12457 |   0.0 |       0 |      55 |   0.0 |  1702
           Lab |       0 |    1098 |   0.0 |       0 |       1 |   0.0 |  3183
        Bailey |       0 |     629 |   0.0 |       0 |      32 |   0.0 |   492
               +---------+---------+-------+---------+---------+-------+---------
